 Dungeon Crawl Stone Soup version 0.23.2-1-ga50397a6bc (webtiles) character file.

Game seed: 8724783825809156052

11111 Peloso the Carver (level 11, -5/99 HPs)
             Began as a Minotaur Fighter on Apr 22, 2019.
             Was a High Priest of Okawaru.
             Slain by an orc warrior
             ... wielding a +0 halberd
              (20 damage)
             ... in a bailey.
             The game lasted 00:36:09 (12040 turns).

Peloso the Carver (Minotaur Fighter)               Turns: 12040, Time: 00:36:09

Health: -5/99      AC: 14    Str: 22    XL:     11   Next: 45%
Magic:  10/10      EV: 10    Int:  8    God:    Okawaru [*****.]
Gold:   683        SH: 13    Dex: 12    Spells: 10/10 levels left

rFire    . . .     SeeInvis .   a - +0 long sword
rCold    . . .     Gourm    .   c - +0 shield
rNeg     . . .     Faith    .   N - +0 chain mail {rPois}
rPois    +         Spirit   .   Q - +1 hat {Int+3}
rElec    .         Reflect  .   A - +0 cloak (curse)
rCorr    .         Harm     .   (no gloves)
MR       .....                  (no boots)
Stlth    ..........             (no amulet)
HPRegen  0.26/turn              j - ring of attention (curse)
MPRegen  0.12/turn              E - ring of flight

@: studying Long Blades
A: retaliatory headbutt, horns 2
a: Heroism, Finesse, Renounce Religion, Evoke Flight


You were in a bailey.
You worshipped Okawaru.
Okawaru was extremely pleased with you.
You were hungry.

You visited 2 branches of the dungeon, and saw 11 of its levels.
You also visited: Bailey.

You collected 725 gold pieces.
You spent 42 gold pieces at shops.

Inventory:

Hand Weapons
 a - a +0 long sword (weapon)
 B - the +9 whip of Recklessness {flame, rPois Str+5 Stlth-}
   (You found it on level 6 of the Dungeon)

   It has been specially enchanted to burn those struck by it, causing extra
   injury to most foes and up to half again as much damage against particularly
   susceptible opponents.
   It affects your strength (+5).
   It protects you from poison.
   It makes you less stealthy.
Armour
 b - a +0 scale mail
 c - a +0 shield (worn)
 q - a +0 cloak
 y - a +3 scale mail of magic resistance
 A - a cursed +0 cloak (worn)
 N - a +0 chain mail of poison resistance (worn)
 Q - a +1 hat of intelligence (worn)
Jewellery
 j - a cursed ring of attention (left hand)
 o - an uncursed ring of resist corrosion
 v - an uncursed ring of protection from magic
 E - a ring of flight (right hand)
 H - a +3 ring of evasion
 L - an uncursed ring of poison resistance
 O - a +1 ring of evasion
Wands
 k - a wand of paralysis (6)
 n - a wand of digging (6)
 w - a wand of enslavement (7)
 x - a wand of polymorph (8)
 C - a wand of scattershot (5)
Scrolls
 e - 6 scrolls of teleportation
 g - 2 scrolls of remove curse {unknown}
 m - 2 scrolls of identify
 t - a scroll of summoning {unknown}
 u - a scroll of immolation {unknown}
 z - a scroll of magic mapping
 G - a scroll of enchant weapon {unknown}
 J - a scroll of fear
 K - a scroll of noise {unknown}
 P - a scroll of blinking {unknown}
Potions
 d - 3 potions of might
 h - 3 potions of invisibility
 i - 2 potions of flight
 l - a potion of cancellation
 p - a potion of curing
 s - a potion of brilliance
 D - a potion of agility
Books
 I - a manual of Long Blades
Comestibles
 f - 11 rations


   Skills:
 + Level 9.7 Fighting
 + Level 13.1 Long Blades
 + Level 0.4 Maces & Flails
 + Level 10.0 Armour
 + Level 5.1 Dodging
 + Level 1.6 Stealth
 + Level 11.8 Shields
 + Level 0.5 Invocations
 + Level 0.6 Evocations


You had 10 spell levels left.
You didn't know any spells.
Your spell library contained the following spells:

 Spells                   Type           Power        Failure   Level  Hunger
 Beastly Appendage        Tmut           #.....       99%         1    ##.....
 Sticks to Snakes         Tmut           #.......     99%         2    ###....
 Spider Form              Tmut/Pois      #.........   100%        3    ####...
 Ice Form                 Ice/Tmut       #.......     100%        4    #####..
 Blade Hands              Tmut           #.........   100%        5    ######.


Dungeon Overview and Level Annotations

Branches:
Dungeon (10/15)            Temple (1/1) D:4            Lair (0/6) D:10
    Orc (0/2) D:10

Altars:
Ashenzari
Dithmenos
Elyvilon
Gozag
Hepliaklqana
Makhleb
Nemelex Xobeh
Okawaru
Qazlal
Trog
Uskayaw
Zin
The Shining One

Shops:
D:6 *   D:7 *

Annotations:
D:3 3 runed translucent doors, gothhamster's ghost, amateur GnMo


Innate Abilities, Weirdness & Mutations

You reflexively headbutt those who attack you in melee.
You have a pair of horns on your head.


Message History

* * * LOW HITPOINT WARNING * * *
You barely miss the orc warrior.
The orc warrior is heavily wounded.
The orc warrior hits you with a +0 halberd.
* * * LOW HITPOINT WARNING * * *
You closely miss the orc warrior.
The orc warrior is heavily wounded.
You closely miss the orc warrior.
The orc warrior is heavily wounded.
You block the orc warrior's attack.
You hit the orc warrior. You headbutt the orc warrior.
The orc warrior is almost dead.
You block the orc warrior's attack.
You closely miss the orc warrior.
The orc warrior is almost dead.
Your chain mail prevents you from hitting the orc warrior.
You headbutt the orc warrior.
The orc warrior is almost dead.
The orc warrior hits you with a +0 halberd!!
You die...

.^..≈≈≈≈≈ ≈≈≈≈≈..^))≈(((.((
#.∩#≈≈≈≈≈ ≈≈≈≈≈#∩)##≈.....(
#.#≈≈≈≈≈≈ ≈≈≈≈≈≈#.#≈≈......
≈≈≈≈≈≈≈≈#########≈≈≈≈≈≈≈≈≈≈.....(
≈≈≈≈≈≈≈##≈≈≈≈≈≈≈##≈≈≈≈≈≈≈≈≈......
≈≈≈≈≈≈##≈≈#'#'#≈≈##≈≈≈≈≈≈≈≈......
≈≈≈≈≈≈#≈≈##)#)##≈≈#≈≈≈≈≈≈≈≈.....(
≈≈≈≈≈##≈#########≈##≈≈≈≈≈≈≈.....(
≈≈≈≈≈##≈')# #o@≈##≈≈≈≈≈≈≈......
≈≈≈≈≈##≈### ###≈##≈≈≈≈≈≈≈......
≈≈≈≈≈##≈')# +≈##≈≈≈≈≈≈≈......
≈≈≈≈≈##≈### #≈##≈≈≈≈≈≈≈......
≈≈≈≈≈##≈≈# ≈≈#≈≈≈≈≈≈≈≈......
≈≈≈≈≈≈≈≈≈# ≈##≈≈≈≈≈≈≈≈......
≈≈≈≈≈≈≈≈≈# ##≈≈≈≈≈≈≈≈≈......
≈≈≈≈≈≈≈≈≈# ##≈≈≈≈≈≈≈≈≈≈......
#.#≈≈≈≈≈≈#######≈≈≈≈≈≈#.#≈≈......


You could see an orc warrior.

Vanquished Creatures
  A death yak (D:9)
  A two-headed ogre (D:9)
  An unseen horror (D:10)
  Pikel (D:8)
  A cyclops (D:9)
  A polar bear (D:9)
  A hornet (D:9)
  A hippogriff (D:9)
  Sigmund (D:2)
  6 yaks (D:9)
  A wraith (D:9)
  4 hogs (D:7)
  A steam dragon (D:8)
  A human (D:7)
  2 hungry ghosts (D:9)
  3 water moccasins
  A black bear (D:9)
  A sky beast (D:8)
  2 ice beasts (D:9)
  11 orc warriors
  An ogre (D:9)
  A wolf (D:8)
  4 phantoms
  8 centaurs
  2 big kobolds (D:7)
  5 bullfrogs
  A wyvern skeleton (D:9)
  3 scorpions
  3 killer bees (D:6)
  5 howler monkeys
  A centaur zombie (D:10)
  6 crimson imps
  3 jellies
  5 hounds
  A wyvern simulacrum (D:9)
  2 centaur skeletons (D:4)
  5 orc priests
  11 orc wizards
  2 gnoll shamans
  3 iguanas
  Ijyb (D:5)
  11 worker ants
  A killer bee zombie (D:9)
  A hound zombie (D:8)
  A hound skeleton (D:9)
  2 howler monkey zombies
  A killer bee simulacrum (D:9)
  10 gnolls
  A howler monkey skeleton (D:5)
  15 adders
  A hound simulacrum (D:9)
  3 shadow imps
  An ufetubus (D:9)
  4 oozes
  4 adder zombies
  2 adder skeletons
  5 worms
  4 dart slugs
  5 leopard geckos
  46 orcs
  2 ball pythons
  5 bats
  6 giant cockroaches
  5 goblins
  5 hobgoblins
  8 jackals
  21 kobolds
  2 quokkas
  5 frilled lizards
  A quokka skeleton (D:7)
  16 rats
309 creatures vanquished.

Vanquished Creatures (others)
  A yak (D:9)
  A slave (D:8)
  An orc (D:8)
3 creatures vanquished.

Grand Total: 312 creatures vanquished

Notes
Turn   | Place    | Note
-------+----------+-------------------------------------------
     0 | D:1      | Peloso the Minotaur Fighter began the quest for the Orb.
     0 | D:1      | Reached XP level 1. HP: 19/19 MP: 0/0
   212 | D:1      | Reached XP level 2. HP: 27/27 MP: 1/1
   450 | D:1      | Reached XP level 3. HP: 30/33 MP: 2/2
   631 | D:2      | Noticed Sigmund
   636 | D:2      | Killed Sigmund
   636 | D:2      | Reached skill level 4 in Long Blades
   636 | D:2      | Reached skill level 5 in Shields
   636 | D:2      | Reached XP level 4. HP: 26/41 MP: 3/3
   636 | D:2      | Reached XP level 5. HP: 30/47 MP: 4/4
   828 | D:2      | Reached skill level 1 in Dodging
   955 | D:2      | Found a shadowy altar of Dithmenos.
   959 | D:2      | Found a bloodstained altar of Trog.
  1435 | D:3      | Found a runed translucent gate.
  1435 | D:3      | Found a runed translucent gate.
  1435 | D:3      | Noticed gothhamster's ghost (amateur GnMo)
  1436 | D:3      | Found a runed translucent gate.
  1445 | D:3      | Reached XP level 6. HP: 46/53 MP: 5/5
  2015 | D:3      | Found a sparkling altar of Nemelex Xobeh.
  2367 | D:4      | Reached skill level 5 in Long Blades
  2367 | D:4      | Reached skill level 5 in Armour
  2373 | D:4      | Found a staircase to the Ecumenical Temple.
  2388 | D:4      | Reached skill level 5 in Fighting
  2404 | Temple   | Entered the Ecumenical Temple
  2410 | Temple   | Became a worshipper of Warmaster Okawaru
  2581 | D:4      | Reached XP level 7. HP: 60/61 MP: 6/6
  3203 | D:4      | Reached * piety under Okawaru
  3431 | D:5      | Entered Level 5 of the Dungeon
  3451 | D:5      | Reached skill level 6 in Long Blades
  3762 | D:5      | Noticed Ijyb
  3774 | D:5      | Killed Ijyb
  3870 | D:5      | Found a hide-covered altar of Uskayaw.
  3870 | D:5      | Noticed a +0 hand axe
  3870 | D:5      | Noticed a +0 dagger
  4217 | D:6      | Reached XP level 8. HP: 36/69 MP: 7/7
  4759 | D:6      | Found Cufi's Serpentskin Sales.
  4776 | D:6      | Reached skill level 7 in Long Blades
  4816 | D:6      | Reached ** piety under Okawaru
  5186 | D:6      | Reached skill level 1 in Stealth
  5255 | D:6      | Got a warped whip
  5256 | D:6      | Identified the +9 whip of Recklessness {flame, rPois Str+5
                  | Stlth-} (You found it on level 6 of the Dungeon)
  5622 | D:7      | Reached skill level 8 in Long Blades
  5722 | D:7      | Reached XP level 9. HP: 71/78 MP: 8/8
  6062 | D:7      | Found Daisk's General Store.
  6070 | D:7      | Bought a scroll of magic mapping for 42 gold pieces
  6085 | D:7      | Reached *** piety under Okawaru
  6341 | D:7      | Reached skill level 9 in Long Blades
  6892 | D:8      | Reached **** piety under Okawaru
  7099 | D:8      | Noticed Pikel
  7100 | D:8      | Found a shattered altar of Ashenzari.
  7115 | D:8      | Killed Pikel
  7115 | D:8      | Reached XP level 10. HP: 79/88 MP: 9/9
  7401 | D:8      | Reached skill level 10 in Long Blades
  8215 | D:9      | Paralysed by a hornet for 1 turns
  8224 | D:9      | Reached skill level 10 in Shields
  8228 | D:9      | Reached skill level 11 in Long Blades
  8313 | D:9      | HP: 3/88 [orc warrior/+0 battleaxe (22)]
  8870 | D:9      | Noticed a cyclops
  9091 | D:9      | Reached ***** piety under Okawaru
  9138 | D:9      | Killed a cyclops
  9215 | D:9      | Noticed a two-headed ogre
  9229 | D:9      | Killed a two-headed ogre
  9229 | D:9      | Reached skill level 12 in Long Blades
  9229 | D:9      | Reached skill level 5 in Dodging
  9299 | D:9      | Reached XP level 11. HP: 68/97 MP: 10/10
  9386 | D:9      | Received a gift from Okawaru
  9762 | D:9      | Noticed a death yak
  9807 | D:9      | Killed a death yak
 10018 | D:10     | Entered Level 10 of the Dungeon
 10093 | D:10     | Killed an unseen horror
 10119 | D:10     | HP: 4/97 [orc warrior/+0 flail (2)]
 10121 | D:10     | Reached skill level 13 in Long Blades
 10187 | D:10     | Noticed a death yak
 10214 | D:10     | Found a flagged portal.
 10228 | Bailey   | Entered a bailey
 11998 | Bailey   | Reached skill level 10 in Armour
 12040 | Bailey   | Slain by an orc warrior

Skill      XL: |  1  2  3  4  5  6  7  8  9 10 11 |
---------------+----------------------------------+-----
Shields        | 4 5 6 7 9 10 11 | 11.8
Fighting       | 4 5 6 7 9 |  9.7
Long Blades    | 4 5 6 8 9 12 13 | 13.1
Armour         | 4 5 6 7 8 9 10 | 10.0
Dodging        | 1 2 3 4 5 |  5.1
Stealth        | 1 |  1.6
Maces & Flails | |  0.4
Invocations    | |  0.5
Evocations     | |  0.6

Action                   |  1- 3 |  4- 6 |  7- 9 | 10-12 || total
-------------------------+-------+-------+-------+-------++-------
Melee: Long sword        |    60 |   160 |   445 |   459 ||  1124
       Headbutt          |     9 |    25 |    95 |   109 ||   238
       Whip              |       |       |     8 |       ||     8
Invok: Heroism           |       |       |       |     9 ||     9
 Abil: Evoke Flight      |       |       |       |     5 ||     5
  Use: Scroll            |     2 |       |     5 |     9 ||    16
       Potion            |       |       |       |     2 ||     2
  Eat: Chunk             |       |     2 |    11 |    11 ||    24
       Ration            |       |     1 |     1 |     2 ||     4
Armor: Scale mail        |    23 |    65 |   181 |    67 ||   336
       Chain mail        |       |       |       |    85 ||    85
Dodge: Dodged            |    19 |    52 |   179 |   185 ||   435
Block: Shield            |    25 |   100 |   295 |   319 ||   739
       Rpst.: Long sword |     4 |    10 |    48 |    36 ||    98
